 Dungeon Crawl Stone Soup version 0.18.1-50-g88ac8fd (webtiles) character file.

75 Gargoyl the Skirmisher (level 4, 0/37 HPs)
             Began as a Demonspawn Abyssal Knight on Oct 18, 2016.
             Was a Believer of Lugonu.
             Slain by Crazy Yiuf
             ... wielding a +4 quarterstaff of chaos
              (18 damage)
             ... on level 2 of the Dungeon on Oct 19, 2016.
             The game lasted 00:05:01 (1679 turns).

Gargoyl the Skirmisher (Demonspawn Abyssal Knight)  Turns: 1679, Time: 00:05:01

Health: 0/37       AC:  8    Str: 19    XL:     4   Next: 11%
Magic:  6/6        EV: 15    Int: 13    God:    Lugonu [**....]
Gold:   175        SH:  0    Dex: 20    Spells: 0 memorised, 3 levels left

rFire  . . .     SeeInvis .     a - +1 hand axe
rCold  . . .     Gourm    .     n - +0 chain mail
rNeg   . . .     Faith    .     (no shield)
rPois  .         Spirit   .     (no helmet)
rElec  .         Dismiss  .     (no cloak)
rCorr  .         Reflect  .     (no gloves)
SustAt .         Harm     .     (no boots)
MR     .....                    h - amulet of regeneration
Stlth  +.........               m - +2 ring of evasion
                                i - +3 ring of dexterity

@: mighty, agile, slowed, very slow, not resistant to hostile enchantments, very
unstealthy
A: nightstalker 1, powered by pain 1
a: Depart the Abyss, Bend Space, Renounce Religion


You were on level 2 of the Dungeon.
You worshipped Lugonu.
Lugonu was pleased with you.
You were not hungry.

You visited 1 branch of the dungeon, and saw 2 of its levels.
You visited the Abyss 1 time.

You collected 175 gold pieces.

Inventory:

Hand Weapons
 a - a +1 hand axe (weapon)
Armour
 n - a +0 chain mail (worn)
Jewellery
 h - an amulet of regeneration (around neck)
 i - a +3 ring of dexterity (left hand)
 m - a +2 ring of evasion (right hand)
 u - an uncursed ring of protection from cold
Wands
 d - a wand of disintegration (10/24)
Scrolls
 f - 2 scrolls of remove curse {unknown}
 g - 2 scrolls of identify
 l - a scroll of random uselessness {unknown}
 p - a scroll of enchant weapon {unknown}
 s - a scroll of enchant armour {unknown}
 t - a scroll of teleportation {unknown}
 x - a scroll of fear {unknown}
Potions
 b - 2 potions of berserk rage {unknown}
 e - a potion of might
 k - a potion of cancellation {unknown}
 o - a potion of mutation {unknown}
 q - a potion of curing {unknown}
 v - a potion of degeneration {unknown}
Comestibles
 c - 2 bread rations
 j - a meat ration
 r - a chunk of flesh
 w - a beef jerky


   Skills:
 + Level 3.8 Fighting
 + Level 2.0 Axes
 * Level 2.5 Armour
 + Level 1.3 Dodging
 * Level 3.2 Invocations


You had 3 spell levels left.
You didn't know any spells.

Dungeon Overview and Level Annotations

Branches:
Dungeon (2/15)

Altars:

Annotations:
D:2 Crazy Yiuf


Innate Abilities, Weirdness & Mutations

You are slightly more attuned to the shadows.
You sometimes gain a little power by taking damage.


Message History

Crazy Yiuf is lightly wounded.
Crazy Yiuf closely misses you.
You barely miss Crazy Yiuf.
Crazy Yiuf is lightly wounded.
Crazy Yiuf barely misses you.
You hit Crazy Yiuf but do no damage.
Crazy Yiuf is lightly wounded.
Crazy Yiuf barely misses you.
Crazy Yiuf hits you with a quarterstaff of chaos.
You hit Crazy Yiuf but do no damage.
Crazy Yiuf hits you with a quarterstaff of chaos!
You focus on the pain.
You feel agile all of a sudden.
You feel yourself slow down.
Drink which item? (? for menu, Esc to quit)
It was a potion of might.
You feel very mighty all of a sudden.
Crazy Yiuf hits you with a quarterstaff of chaos.
You are electrocuted!
You die...

#>....................
######################
######### #####
#........ #..)#
#........ #...#
#........ ...
#........ #g#
#.......† ##@#
#........ #.##
#.####... ##.#
#........ #.##
####........ ##.##
#....####... #...##
#......##... #....#
#......##... ##..##
#......#
#....####.######


You could see Crazy Yiuf.

Vanquished Creatures
  An adder (D:2)
  An ooze (D:2)
  A worm (D:2)
  A dart slug (D:1)
  3 giant geckos
  2 ball pythons (D:2)
  3 giant cockroaches (D:2)
  5 goblins
  8 hobgoblins
  6 jackals
  A quokka (D:2)
  8 bats
  2 giant newts
  6 kobolds
  3 rats
51 creatures vanquished.

Notes
Turn   | Place    | Note
--------------------------------------------------------------
     0 | Abyss:1  | Gargoyl the Demonspawn Abyssal Knight began the quest for the Orb.
     0 | Abyss:1  | Reached XP level 1. HP: 18/18 MP: 2/2
    88 | Abyss:3  | Noticed a shadow
   104 | D:1      | Escaped the Abyss
   430 | D:1      | Gained mutation: You are slightly more attuned to the shadows. [demonic ancestry]
   430 | D:1      | Reached XP level 2. HP: 19/24 MP: 3/3
   513 | D:1      | Reached * piety under Lugonu
   527 | D:1      | Reached skill level 1 in Dodging
   844 | D:1      | Reached XP level 3. HP: 27/29 MP: 5/5
  1453 | D:2      | Reached ** piety under Lugonu
  1502 | D:2      | Gained mutation: You sometimes gain a little power by taking damage. [demonic ancestry]
  1502 | D:2      | Reached XP level 4. HP: 25/37 MP: 6/6
  1668 | D:2      | Noticed Crazy Yiuf
  1679 | D:2      | Slain by Crazy Yiuf

Skill      XL: |  1  2  3 |
---------------+----------+-----
Armour         | 2 |  2.5
Dodging        | 1 |  1.3
Invocations    | 3 |  3.2
Axes           | 2 |  2.0
Fighting       | |  3.8

Action                   |  1- 3 |  4- 6 || total
-------------------------+-------+-------++-------
Melee: Hand axe          |   155 |    25 ||   180
Invok: Depart the Abyss  |     1 |       ||     1
  Use: Scroll            |       |     1 ||     1
       Potion            |       |     1 ||     1
 Stab: Sleeping          |     2 |       ||     2
  Eat: Chunk             |     2 |     1 ||     3
Armor: Leather armour    |    31 |       ||    31
       Chain mail        |    57 |    15 ||    72
Dodge: Dodged            |   101 |    14 ||   115
